 Dungeon Crawl Stone Soup version 0.32-a0-599-gba8f9cf (webtiles) character file.

Game seed: 15127601372985517914

11 Mumonspawn the Trooper (level 2, -2/26 HPs)
             Began as a Mountain Dwarf Fighter on Mar 3, 2024.
             Slain by Natasha (4 damage)
             ... on level 2 of the Dungeon.
             The game lasted 00:00:38 (833 turns).

Mumonspawn the Trooper (Mountain Dwarf Fighter)      Turns: 833, Time: 00:00:39

Health: -2/26      AC:  6    Str: 18    XL:     2   Next: 13%
Magic:  2/2        EV:  9    Int:  8    God:
Gold:   91         SH:  4    Dex:  9    Spells: 1/1 levels left

rFire   . . .        a - +0 war axe
rCold   . . .        c - +0 buckler
rNeg    . . .        b - +0 scale mail
rPois   .            (no helmet)
rElec   .            (no cloak)
rCorr   .            (no gloves)
SInv    .            (no boots)
Will    .....        (no amulet) Stlth
                     (no ring)
HPRegen 0.24/turn    (no ring)
MPRegen 0.08/turn

%: no passive effects
@: no status effects
A: runic magic, artefact enchanting
a: no special abilities


You were on level 2 of the Dungeon.
You visited 1 branch of the dungeon, and saw 2 of its levels.

You collected 91 gold pieces.

Inventory:

Hand Weapons
 a - a +0 war axe (weapon)
Armour
 b - a +0 scale mail (worn)
 c - a +0 buckler (worn)
Scrolls
 e - a scroll of amnesia {unknown}
 f - a scroll of identify {unknown}
 h - a scroll of teleportation {unknown}
Potions
 d - 2 potions of cancellation {unknown}
 g - 2 potions of haste {unknown}
 K - a potion of might {!q}


   Skills:
 + Level 3.5 Fighting
 * Level 3.2 Axes
 - Level 3.2 Armour
 - Level 3.2 Shields


You had one spell level left.
You didn't know any spells.
Your spell library contained the following spells:

 Spells                   Type           Power      Damage    Failure   Level
 Apportation              Tloc           0%         N/A       58%         1
 Jinxbite                 Hex            0%         N/A       73%         2
 Alistair's Intoxication  Alch           0%         N/A       100%        5


Dungeon Overview and Level Annotations

Branches:
Dungeon (2/15)

Altars:

Annotations:
D:2 Natasha


Innate Abilities, Weirdness & Mutations

Your spellcasting is much less encumbered by armour.
You can use scrolls of enchantment on lesser artefacts.


Message History

Natasha claws you but does no damage.
You closely miss Natasha.
Natasha is heavily wounded.
Natasha claws you but does no damage. Natasha claws you.
Looks drowsy 체력이 60% 이하.. @3 5 의 대미지, 남은 HP3 = 16/26 hp.
You hit Natasha.
Natasha is severely wounded.
Natasha claws you. @2 4 의 대미지, 남은 HP2 = 12/26 hp.
You closely miss Natasha.
Natasha is severely wounded.
Natasha closely misses you.
You closely miss Natasha.
Natasha is severely wounded.
Natasha claws you.
You block Natasha's attack. 투명,가속,수호정령 마나물약,지구랏 @ 6 의 대미지, 남은 HP = 6/26 hp.
You closely miss Natasha.
Natasha is severely wounded.
Natasha barely misses you.
You closely miss Natasha.
Natasha is severely wounded.
Natasha barely misses you.
You hit Natasha but do no damage.
Natasha is severely wounded.
Natasha barely misses you.
Natasha mumbles some strange words.
Natasha shimmers violently.
You block Natasha's attack.
You closely miss Natasha.
Natasha is severely wounded.
Natasha claws you.
* * * LOW HITPOINT WARNING * * *
@ 5 의 대미지, 남은 HP = 2/26 hp.
You hit Natasha.
Natasha is almost dead.
Natasha claws you.
You die...
Natasha begins licking her fur clean.

#. . .##
..# #.#
###.#####.#
#<........#
#.#.#####.
#.#@# #.#h#
.....
#.#.##
#...# ##...
.## #.


You could see Natasha.

Vanquished Creatures
  3 bats (D:1)
  An endoplasm (D:1)
  A goblin (D:1)
  A kobold (D:1)
  2 ball pythons (D:1)
  A frilled lizard (D:1)
  2 rats (D:1)
11 creatures vanquished.

Notes
Turn   | Place    | Note
-------+----------+-------------------------------------------
     0 | D:1      | Mumonspawn the Mountain Dwarf Fighter began the quest for
                  | the Orb.
     0 | D:1      | Reached XP level 1. HP: 19/19 MP: 1/1
   213 | D:1      | Found a faded altar of an unknown god.
   313 | D:1      | Reached XP level 2. HP: 22/26 MP: 2/2
   810 | D:2      | Noticed Natasha
   833 | D:2      | Slain by Natasha

Illustrated notes

Levels and vault maps discovered:
D:1:      nagdon_arrival_zigzag_paths, layout_loops_ring,
          shapermc_ecumenical_altar_mp_urbaneastern
D:2:      minmay_roachtagon, layout_loops_ring, basic_altar, st_stairs_9,
          uniq_natasha

Skill      XL: |  1 |
---------------+----+-----
Axes           | 3 |  3.2
Fighting       | |  3.5
Armour         | |  3.2
Shields        | |  3.2

Action                     || total
---------------------------++-------
  Melee: War axe           ||    49
 Armour: Scale mail        ||    35
  Dodge: Dodged            ||    30
  Block: Buckler           ||    11

Table legend: (Time is in decaauts)
 A = Elapsed time spent in this place.
 B = Non-inter-level travel time spent in this place.
 C = Inter-level travel time spent in this place.
 D = Time resting spent in this place.
 E = Time spent auto-exploring this place.
 F = Levels seen in this place.
 G = Mean time per level.
                   A        B        C        D        E       F      G
               +--------+--------+--------+--------+--------+-----+--------+
         Total |    850 |    838 |     12 |      2 |    715 |   2 |  425.0 |
       Dungeon |    850 |    838 |     12 |      2 |    715 |   2 |  425.0 |
               +--------+--------+--------+--------+--------+-----+--------+

Top non-repeatable levels by time:
     D:1: 823 daAuts
     D:2: 27 daAuts
